 Dungeon Crawl Stone Soup version 0.31-a0-237-g2d982f9f85 (webtiles) character file.

Game seed: 17733428575728195393

616 qw the Shooter (level 7, 0/59 HPs)
             Began as a Minotaur Hexslinger on July 11, 2023.
             Slain by Sigmund
             ... wielding a +0 scythe
              (9 damage)
             ... on level 5 of the Dungeon.
             The game lasted 00:01:44 (3728 turns).

qw the Shooter (Minotaur Hexslinger)                Turns: 3728, Time: 00:01:44

Health: 0/59       AC:  9    Str: 17    XL:     7   Next: 21%
Magic:  7/7        EV: 11    Int: 10    God:
Gold:   334        SH:  0    Dex: 18    Spells: 7/8 levels left

rFire   x . .        Y - +0 orcbow
rCold   . . .        (shield currently unavailable)
rNeg    + . .        k - +3 ring mail of Onasy {rF- Str+4 Dex+4}
rPois   .            (helmet restricted)
rElec   .            (no cloak)
rCorr   .            (no gloves)
SInv    .            h - +0 pair of boots
Will    +....        (no amulet)
Stlth   +            l - ring of positive energy
HPRegen 0.29/turn    o - ring of willpower
MPRegen 0.10/turn

%: no passive effects
@: no status effects
A: horns 2, retaliatory headbutt
a: no special abilities


You were on level 5 of the Dungeon.
You visited 1 branch of the dungeon, and saw 5 of its levels.
You also visited: Sewer.

You collected 334 gold pieces.


Innate Abilities, Weirdness & Mutations

You have a pair of horns on your head.
You reflexively headbutt those who attack you in melee.


   Skills:
 - Level 4.2 Fighting
 + Level 7.8 Ranged Weapons
 - Level 1.2 Armour
 - Level 2.1 Dodging
 - Level 1.0 Spellcasting
 - Level 2.0 Hexes


You had 7 spell levels left.
You knew the following spells:

 Your Spells              Type           Power      Damage    Failure   Level
a - Slow                  Hex            16%        N/A       28%         1

Your spell library contained the following spells:

 Spells                   Type           Power      Damage    Failure   Level
 Inner Flame              Hex/Fire       2%         N/A       77%         3
 Portal Projectile        Hex/Tloc       4%         N/A       77%         3
 Cause Fear               Hex            2%         N/A       95%         4

Inventory:

Hand Weapons
 Y - a +0 orcbow (weapon)
Armour
 f - a +0 ring mail
 h - a +0 pair of boots (worn)
 k - the +3 ring mail of Onasy (worn) {rF- Str+4 Dex+4}
   (You found it on level 2 of the Dungeon)

   Str:       It affects your strength (+4).
   Dex:       It affects your dexterity (+4).
   rF:        It makes you vulnerable to fire.
Jewellery
 l - a ring of positive energy (left hand)
 o - a ring of willpower (right hand)
Scrolls
 b - a scroll of identify
 n - a scroll of teleportation
Potions
 c - 2 potions of haste
 d - a potion of invisibility {unknown}
 e - a potion of mutation {unknown}
 g - a potion of might {unknown}
 i - a potion of brilliance {unknown}
 j - 4 potions of curing

Dungeon Overview and Level Annotations

Branches:
Dungeon (5/15)             Temple (0/1) D:5           Sewer (visited)

Altars:
Gozag
Nemelex Xobeh
Ru

Annotations:
D:5 exclusion: gnoll, Sigmund


Message History

Enter note:
3708 ||| FLEEEEING.
3709 ||| FLEEEEING.
Sigmund gestures wildly while chanting.
Sigmund flickers and vanishes!
Deactivating autopickup; reactivate with Ctrl-A.
3710 ||| FLEEEEING.
You see here a +0 spear.
3711 ||| FLEEEEING.
3712 ||| STILL FLEEEEING.
You shoot an arrow. The arrow barely misses the gnoll.
The gnoll closely misses you.
You shoot an arrow. The arrow hits the gnoll.
The gnoll is lightly wounded.
The gnoll closely misses you.
You shoot an arrow. The arrow hits the gnoll!
You kill the gnoll!
3716 ||| STILL FLEEEEING.
3717 ||| STILL FLEEEEING.
You see here a +0 club.
3718 ||| STILL FLEEEEING.
A magic dart appears from out of thin air!
The magic dart hits you.
3719 ||| STILL FLEEEEING.
3720 ||| STILL FLEEEEING.
You shoot an arrow. You shoot an arrow. Something hits you!
You shoot an arrow. Something hits you.
You shoot an arrow. Something hits you!
You shoot an arrow. You shoot an arrow. Something barely misses you.
You shoot an arrow. Something hits you.
You shoot an arrow. Something hits you!
You die...

##..## ## # ## #...###.# ##### .#
#g......# .....
.###########...##### ##.
...##......)###### ##.## #..
..8.######...{.))# #...# ##.
....######..####{# #...# ##
_.......##....##.# #...# #
....###....#####@# #...# # ..8.#
#.##.# #.# #...# # ...####.##.#.
#.# #...# #
.###..#.##.#...#.#####...########
......#.##.#.#.#................#
........##.#...#.................
#.....####.#.>.#.................
#.....# #.#...#.###.#....#####..
####### #####.# #.#....# #..


There were no monsters in sight!

Vanquished Creatures
  An ice beast (D:5)
  Blork the orc (D:5)
  2 bullfrogs (Sewer)
  A howler monkey (D:5)
  A jelly (D:5)
  4 gnolls (D:5)
  5 adders
  A river rat (D:3)
  An ufetubus (D:4)
  3 worms
  3 dart slugs
  8 orcs
  14 ball pythons
  5 bats
  16 endoplasms
  17 giant cockroaches
  10 goblins
  10 hobgoblins
  2 jackals (D:4)
  8 quokkas
  12 frilled lizards
  5 kobolds
130 creatures vanquished.

Notes
Turn   | Place    | Note
-------+----------+-------------------------------------------
     0 | D:1      | qw the Minotaur Hexslinger began the quest for the Orb.
     0 | D:1      | Reached XP level 1. HP: 16/16 MP: 1/1
     0 | D:1      | 0 ||| qw: Version: 0.3-a-52-g30416fa
     0 | D:1      | 0 ||| qw: Game counter: 5597
     0 | D:1      | 0 ||| qw: Melee chars always use a shield: true
     0 | D:1      | 0 ||| qw: God list: Okawaru
     0 | D:1      | 0 ||| qw: Allow faded altars: false
     0 | D:1      | 0 ||| qw: Do Orc after clearing Dungeon:15 true
     0 | D:1      | 0 ||| qw: Do second Lair branch before Depths: true
     0 | D:1      | 0 ||| qw: Lair rune preference: random
     0 | D:1      | 0 ||| qw: Goals: Normal
     0 | D:1      | 0 ||| PLANNING D:1-11
    68 | D:1      | Reached skill level 3 in Ranged Weapons
    87 | D:1      | Reached XP level 2. HP: 23/23 MP: 2/2
   373 | D:1      | 373 ||| SWAPPING to +0 orcbow.
   374 | D:1      | 374 ||| DROPPING +1 sling.
   546 | D:1      | Reached XP level 3. HP: 29/29 MP: 3/3
   569 | D:1      | 569 ||| UPGRADING to +0 ring mail.
   579 | D:1      | 579 ||| DROPPING +0 robe.
   580 | D:1      | 580 ||| UPGRADING to +0 pair of boots.
   585 | D:1      | 585 ||| READING scroll labelled TICE DADWYARCHE.
   589 | D:1      | 589 ||| READING scroll labelled WIWABOL UCVA.
   590 | D:1      | 590 ||| READING scroll labelled ZOHA ZEMPEANAJ.
   691 | D:1      | 691 ||| READING scroll labelled ZALITR JOPHO.
   692 | D:1      | 692 ||| DROPPING scroll of poison.
   922 | D:2      | Reached skill level 4 in Ranged Weapons
  1061 | D:2      | Reached skill level 1 in Armour
  1103 | D:2      | Identified the +3 ring mail of Onasy {rF- Str+4 Dex+4}
  1322 | D:2      | 1322 ||| UPGRADING to +3 ring mail of Onasy {rF- Str+4
                  | Dex+4}.
  1332 | D:2      | 1332 ||| UPGRADING to ring of positive energy.
  1333 | D:2      | 1333 ||| UPGRADING to ring of willpower.
  1334 | D:2      | 1334 ||| READING scroll labelled XAOHAE SULU.
  1335 | D:2      | 1335 ||| READING scroll labelled FOIRCH ECKOIL.
  1336 | D:2      | 1336 ||| READING scroll labelled ASUCIENNEF.
  1337 | D:2      | 1337 ||| READING scroll labelled GUW APNI DAWN.
  1338 | D:2      | 1338 ||| DRINKING 2 fuming coppery potions.
  1339 | D:2      | 1339 ||| DRINKING 2 golden potions.
  1352 | D:3      | 1352 ||| PLANNING SEWER
  1496 | D:3      | Reached XP level 4. HP: 36/36 MP: 4/4
  1541 | D:3      | Found a sparkling altar of Nemelex Xobeh.
  1656 | D:3      | Found a glowing drain.
  1657 | D:3      | 1657 ||| READING scroll labelled CUYCHA XESS.
  1658 | D:3      | 1658 ||| READING scroll labelled OQUNER COLY.
  1663 | D:3      | 1663 ||| Stepping ~*~*~tactically~*~*~ (water).
  1687 | Sewer    | Entered a sewer
  1713 | Sewer    | 1713 ||| Stepping ~*~*~tactically~*~*~ (water).
  1728 | Sewer    | 1728 ||| Stepping ~*~*~tactically~*~*~ (water).
  1735 | Sewer    | 1735 ||| Stepping ~*~*~tactically~*~*~ (water).
  1745 | Sewer    | 1745 ||| Stepping ~*~*~tactically~*~*~ (water).
  1776 | Sewer    | 1776 ||| Stepping ~*~*~tactically~*~*~ (water).
  1786 | Sewer    | 1786 ||| Stepping ~*~*~tactically~*~*~ (water).
  1794 | Sewer    | Reached skill level 5 in Ranged Weapons
  1805 | Sewer    | 1805 ||| Stepping ~*~*~tactically~*~*~ (water).
  1814 | Sewer    | 1814 ||| Stepping ~*~*~tactically~*~*~ (water).
  1835 | Sewer    | 1835 ||| Stepping ~*~*~tactically~*~*~ (water).
  1845 | Sewer    | 1845 ||| Stepping ~*~*~tactically~*~*~ (water).
  1855 | Sewer    | 1855 ||| Stepping ~*~*~tactically~*~*~ (water).
  1860 | Sewer    | 1860 ||| Stepping ~*~*~tactically~*~*~ (water).
  1872 | Sewer    | Reached XP level 5. HP: 42/42 MP: 5/5
  1882 | Sewer    | 1882 ||| Stepping ~*~*~tactically~*~*~ (water).
  1884 | Sewer    | 1884 ||| Stepping ~*~*~tactically~*~*~ (water).
  1886 | Sewer    | 1886 ||| Stepping ~*~*~tactically~*~*~ (water).
  1888 | Sewer    | 1888 ||| Stepping ~*~*~tactically~*~*~ (water).
  1895 | Sewer    | 1895 ||| Stepping ~*~*~tactically~*~*~ (water).
  1918 | Sewer    | 1918 ||| Stepping ~*~*~tactically~*~*~ (water).
  1920 | Sewer    | 1920 ||| Stepping ~*~*~tactically~*~*~ (water).
  1924 | Sewer    | 1924 ||| Stepping ~*~*~tactically~*~*~ (water).
  1950 | Sewer    | Reached skill level 3 in Fighting
  2016 | Sewer    | Reached skill level 6 in Ranged Weapons
  2016 | Sewer    | Reached XP level 6. HP: 40/51 MP: 6/6
  2071 | D:3      | 2071 ||| PLANNING D:1-11
  3105 | D:4      | 3105 ||| DRINKING 2 fizzy blue potions.
  3106 | D:4      | 3106 ||| READING 2 scrolls of identify.
  3106 | D:4      | 3106 ||| IDENTIFYING glowing orange potion
  3107 | D:4      | 3107 ||| DROPPING potion of attraction.
  3108 | D:4      | 3108 ||| DROPPING potion of magic.
  3163 | D:5      | Entered Level 5 of the Dungeon
  3337 | D:5      | Noticed Blork the orc
  3339 | D:5      | 3339 ||| FLEEEEING.
  3340 | D:5      | 3340 ||| FLEEEEING.
  3346 | D:5      | Killed Blork the orc
  3347 | D:5      | Reached skill level 7 in Ranged Weapons
  3390 | D:5      | Found a staircase to the Ecumenical Temple.
  3391 | D:5      | 3391 ||| PLANNING TEMPLE
  3433 | D:5      | 3433 ||| Stepping ~*~*~tactically~*~*~ (outnumbered).
  3473 | D:5      | Found an opulent altar of Gozag.
  3484 | D:5      | Noticed an ice beast
  3490 | D:5      | Killed an ice beast
  3491 | D:5      | Reached XP level 7. HP: 32/59 MP: 7/7
  3630 | D:5      | Found a sacrificial altar of Ru.
  3689 | D:5      | Noticed Sigmund
  3704 | D:5      | 3704 ||| READING scroll labelled XUHECO POEXOPYSU.
  3708 | D:5      | 3708 ||| FLEEEEING.
  3709 | D:5      | 3709 ||| FLEEEEING.
  3710 | D:5      | 3710 ||| FLEEEEING.
  3711 | D:5      | 3711 ||| FLEEEEING.
  3724 | D:5      | HP: 9/59 [something (10)]
  3728 | D:5      | Slain by Sigmund

Levels and vault maps discovered:
D:1:      dpeg_arrival_connections, layout_basic
D:2:      layout_basic, wander_ebering_terrifying_dragon_lair
D:3:      layout_loops_ring, nemelex_dance_club_becter,
          cheibrodos_sewer_entry_sluice, minmay_misc_feat_encased,
          serial_bayou_pond_d, minmay_between
D:4:      layout_loops_ring
D:5:      layout_loops_cross, grunt_gozag_statues,
          mainiacjoe_overflow_surrounded_room, nicolae_uskayaw_dance_hall,
          minmay_temple_entry_from_below_a, ebering_ghost_disaster_area,
          sigmund_army, uniq_blork_the_orc, uniq_crazy_yiuf_cottage

Skill      XL: |  1  2  3  4  5  6 |
---------------+-------------------+-----
Ranged Weapons | 3 4 5 6 7 |  7.8
Fighting       | 2 3 4 |  4.2
Armour         | 1 |  1.2
Dodging        | |  2.1
Spellcasting   | |  1.0
Hexes          | |  2.0

Action                     |  1- 3 |  4- 6 |  7- 9 || total
---------------------------+-------+-------+-------++-------
   Fire: Sling             |    36 |       |       ||    36
         Orcbow            |    78 |   246 |    25 ||   349
    Use: Scroll            |     8 |     3 |     1 ||    12
         Potion            |     2 |     1 |       ||     3
 Armour: Robe              |     5 |       |       ||     5
         Ring mail         |    20 |    41 |     4 ||    65
  Dodge: Dodged            |    38 |    47 |    23 ||   108

Table legend:
 A = Non-vault XP
 B = Vault XP
 C = Vault XP percentage of total XP
 D = Non-vault monster count
 E = Vault monster count
 F = Vault count percentage of total count
                 A         B        C        D         E       F
            +---------+---------+-------+---------+---------+-------
      Total |     451 |     430 |  48.8 |      74 |      56 |  43.1
            +---------+---------+-------+---------+---------+-------
        D:1 |      41 |       0 |   0.0 |      21 |       0 |   0.0
        D:2 |      42 |       1 |   2.3 |      15 |       1 |   6.2
        D:3 |      28 |      34 |  54.8 |      13 |       8 |  38.1
        D:4 |      61 |       0 |   0.0 |      17 |       0 |   0.0
        D:5 |     279 |     117 |  29.5 |       8 |       3 |  27.3
      Sewer |       0 |     278 | 100.0 |       0 |      44 | 100.0
            +---------+---------+-------+---------+---------+-------
